Lightning vs Capitals
Created - March 6, 2022 at 23:21
Goals
|
Lightning |
1 |
2 |
3 |
6 |
Capitals |
2 |
2 |
0 |
4 |
|
Shots
|
Lightning |
12 |
10 |
11 |
33 |
Capitals |
14 |
9 |
3 |
26 |
|
1st period
1. Capitals , Cody Hodgson 14 (Victor Hedman 15, Cory Schneider) at 7:31
2. Lightning , Sergei Shirokov 5 (Joni Pitkanen 12, Brandon Sutter 12) at 7:37
3. Capitals , Mark Stone 6 (Sean Monahan 12, Brad Richardson 9) at 9:38
Penalties :
PK Subban (Was) for Tripping (Minor) at 5:21, Victor Hedman (Was) for Interference (Minor) at 13:37
2nd period
4. Lightning , Mark Scheifele 15 (Nick Bjugstad 11, Kyle Clifford 25) at 14:08
5. Capitals , Alexander Radulov 6 (Jason Spezza 21) at 17:16 (PP)
6. Lightning , Kevin Shattenkirk 9 (Sergei Shirokov 4, Shayne Gostisbehere 12) at 19:24
7. Capitals , Jason Spezza 19 (Alexander Radulov 9, Cody Hodgson 16) at 19:40
Penalties :
Kevin Shattenkirk (T.B) for Roughing (Minor) at 0:22, Joni Pitkanen (T.B) for Holding (Minor) at 4:07, Jimmy Vesey (T.B) for Roughing (Minor) at 7:29, Brandon Sutter (T.B) for Interference (Minor) at 17:15
3rd period
8. Lightning , Oscar Sundqvist 8 (Shayne Gostisbehere 13, Kevin Shattenkirk 24) at 3:10
9. Lightning , Nick Bjugstad 11 (Kyle Clifford 26) at 6:00
10. Lightning , Nick Bjugstad 12 (Mark Scheifele 27) at 12:01
Penalties :
Cory Schneider (Was) for Slashing (Minor) at 13:53 - Brad Richardson served the penalty
Goalie Stats
Jimmy Howard (T.B), 22 saves from 26 shots - (0.846), W, 14-8-3, 60:00 minutes
Cory Schneider (Was), 27 saves from 33 shots - (0.818), L, 10-14-6, 60:00 minutes
Players Stats for Lightning
Player Name G A P +/- PIM S H SB GA TA FO MP PP MP PK MP
------------------------------------------------------------------------------------
Brandon Sutter 0 1 1 1 2 5 1 0 0 0 6/12 16:18 0:00 2:08
Brayden Point 0 0 0 0 0 0 0 0 0 0 1/2 11:54 2:47 0:00
Brent Seabrook 0 0 0 0 0 1 0 0 0 1 0/0 18:52 0:00 3:37
Conor Sheary 0 0 0 1 0 0 1 0 0 1 1/1 15:54 0:00 1:27
Derek Meech 0 0 0 0 0 0 0 0 0 0 0/0 13:04 0:00 2:04
Jesper Fast 0 0 0 1 0 0 1 0 0 0 0/0 7:08 0:00 0:00
Jimmy Vesey 0 0 0 0 2 1 0 0 1 0 0/0 12:26 2:47 0:26
Joni Pitkanen 0 1 1 0 2 3 1 2 0 0 0/0 15:49 2:25 1:27
Justin Schultz 0 0 0 0 0 1 0 0 0 1 0/0 20:59 2:25 2:36
Kevin Shattenkirk 1 1 2 3 2 2 2 1 2 2 0/0 27:05 3:32 2:12
Kyle Clifford 0 2 2 1 0 3 0 2 1 0 1/2 23:18 3:01 3:10
Mark Scheifele 1 1 2 1 0 5 0 2 0 0 15/36 23:57 3:10 3:10
Nick Bjugstad 2 1 3 1 0 2 3 1 1 1 2/3 20:05 3:01 0:00
Nikolaj Ehlers 0 0 0 0 0 0 0 0 0 0 0/0 11:54 2:47 0:00
Ondrej Palat 0 0 0 1 0 1 1 0 2 0 0/1 7:25 0:09 0:00
Oscar Sundqvist 1 0 1 1 0 1 0 0 0 0 1/2 7:25 0:09 0:00
Sergei Shirokov 1 1 2 1 0 5 2 0 1 0 0/0 15:46 0:00 1:35
Shayne Gostisbehere 0 2 2 3 0 3 2 0 0 2 0/0 24:39 3:32 0:00
Players Stats for Capitals
Player Name G A P +/- PIM S H SB GA TA FO MP PP MP PK MP
------------------------------------------------------------------------------------
Alexander Radulov 1 1 2 -4 0 5 1 0 1 1 0/0 19:23 3:04 0:07
Alexei Marchenko 0 0 0 -1 0 2 0 0 0 1 0/0 20:47 0:00 3:40
Blake Pietila 0 0 0 -1 0 0 0 1 0 0 0/0 2:50 0:00 0:46
Brad Richardson 0 1 1 0 0 1 3 0 0 0 1/1 18:24 2:30 1:10
Cameron Gaunce 0 0 0 -1 0 0 3 2 0 2 0/0 16:14 2:25 1:21
Cody Hodgson 1 1 2 -3 0 3 1 2 0 0 7/16 22:22 2:52 1:11
Jason Spezza 1 1 2 -4 0 6 3 1 0 1 20/32 21:55 3:04 2:52
Jujhar Khaira 0 0 0 1 0 2 1 0 1 0 0/0 13:32 0:30 1:00
Mark Stone 1 0 1 0 0 2 0 1 0 0 0/0 10:00 0:02 0:00
Mike Cammalleri 0 0 0 0 0 0 0 0 0 0 0/1 17:06 2:58 2:54
Nikita Zaitsev 0 0 0 -1 0 0 0 2 1 0 0/0 22:30 2:25 2:28
PK Subban 0 0 0 -1 2 0 1 0 2 1 0/0 24:08 3:33 2:10
Rick Nash 0 0 0 1 0 0 1 0 0 1 0/0 11:04 0:00 0:00
Sean Monahan 0 1 1 0 0 1 1 0 1 0 3/5 12:16 0:02 1:54
Steve Bernier 0 0 0 0 0 0 0 0 1 0 0/0 13:45 2:52 0:00
Trevor Daley 0 0 0 -1 0 1 1 2 1 0 0/0 12:09 0:00 0:00
Victor Hedman 0 1 1 -1 2 3 1 3 0 1 0/0 24:32 3:33 2:15
William Karlsson 0 0 0 1 0 0 0 1 0 0 1/4 11:04 0:00 0:00
3 Stars
1 - Nick Bjugstad (T.B)
2 - Kevin Shattenkirk (T.B)
3 - Shayne Gostisbehere (T.B)
Power Play
Lightning - 0 on 3 Attempt(s) - 0.00%
Capitals - 1 on 4 Attempt(s) - 25.00%
Penalty Kill
Lightning - 3 on 4 Attempt(s) - 75.00%
- Score 0 goal in Penalty Kill
Capitals - 3 on 3 Attempt(s) - 100.00%
- Score 0 goal in Penalty Kill
Team Stat
Lightning - Hits : 14 - Faceoff Wins : 27 - Blocked Shots : 8 - Penalty Minutes : 8
Capitals - Hits : 17 - Faceoff Wins : 32 - Blocked Shots : 15 - Penalty Minutes : 6
Official
Referees : Kendrick Nicholson and Wes McCauley
Linesman : Vaughan Rody and Derek Amell
Game Notes
Blake Pietila is injured at 7:53 of 1st period (Sprained Left Finger)
Finance
Level 1 -- Attendance: 5579 (92.98%) -- Ticket Income $557,900
Level 2 -- Attendance: 5000 (100.00%) -- Ticket Income $300,000
Level 3 -- Attendance: 1771 (88.55%) -- Ticket Income $61,985
Level 4 -- Attendance: 3817 (95.43%) -- Ticket Income $95,425
Luxury Box -- Attendance: 978 (97.80%) -- Ticket Income $195,600
Game was played at the Capital One Arena.
Total Attendance: 17145 (95.25%)
Total Ticket Income: $1,210,910
Other Income: $181,636
Total Income: $1,392,546
Lightning
5 vs 5 Forward
Center Left Wing Right Wing Time % Phy DF OF
1 Mark Scheifele Kyle Clifford Nick Bjugstad 40 1 2 2
2 Brandon Sutter Sergei Shirokov Conor Sheary 30 1 2 2
3 Brayden Point Jimmy Vesey Nikolaj Ehlers 20 1 2 2
4 Oscar Sundqvist Ondrej Palat Jesper Fast 10 1 2 2
5 vs 5 Defense
Defense Defense Time % Phy DF OF
1 Kevin Shattenkirk Shayne Gostisbehere 40 1 2 2
2 Justin Schultz Brent Seabrook 30 1 2 2
3 Joni Pitkanen Derek Meech 20 1 2 2
4 Kevin Shattenkirk Shayne Gostisbehere 10 1 2 2
PowerPlay Forward
Center Left Wing Right Wing Time % Phy DF OF
1 Mark Scheifele Kyle Clifford Nick Bjugstad 60 1 2 2
2 Brayden Point Jimmy Vesey Nikolaj Ehlers 40 1 2 2
PowerPlay Defense
Defense Defense Time % Phy DF OF
1 Kevin Shattenkirk Shayne Gostisbehere 60 1 2 2
2 Justin Schultz Joni Pitkanen 40 1 2 2
Penalty Kill 4 Players Forward
Center Wing Time % Phy DF OF
1 Mark Scheifele Kyle Clifford 60 1 2 2
2 Brandon Sutter Sergei Shirokov 40 1 2 2
Penalty Kill 4 Players Defense
Defense Defense Time % Phy DF OF
1 Kevin Shattenkirk Brent Seabrook 60 1 2 2
2 Justin Schultz Joni Pitkanen 40 1 2 2
Penalty Kill - 3 Players Forward
Forward Time % Phy DF OF
1 Mark Scheifele 60 1 2 2
2 Brandon Sutter 40 1 2 2
Penalty Kill - 3 Players Defense
Defense Defense Time % Phy DF OF
1 Kevin Shattenkirk Brent Seabrook 60 1 2 2
2 Justin Schultz Joni Pitkanen 40 1 2 2
4 vs 4 Forward
Center Wing Time % Phy DF OF
1 Mark Scheifele Kyle Clifford 60 1 2 2
2 Brandon Sutter Nick Bjugstad 40 1 2 2
4 vs 4 Defense
Defense Defense Time % Phy DF OF
1 Kevin Shattenkirk Shayne Gostisbehere 60 1 2 2
2 Justin Schultz Joni Pitkanen 40 1 2 2
Last Minutes Offensive
Center Left Wing Right Wing Defense Defense
Mark Scheifele Kyle Clifford Nick Bjugstad Kevin Shattenkirk Shayne Gostisbehere
Last Minutes Defensive
Center Left Wing Right Wing Defense Defense
Mark Scheifele Kyle Clifford Nick Bjugstad Kevin Shattenkirk Brent Seabrook
Goaltenders
Starting : Jimmy Howard
Backup : Alex Nedeljkovic
Extra Forwards
Normal : Brayden Point, Nikolaj Ehlers, Conor Sheary - PP : Oscar Sundqvist, Ondrej Palat - PK : Conor Sheary
Extra Defensemen
Normal : Shayne Gostisbehere, Derek Meech, Justin Schultz - PP : Shayne Gostisbehere - PK : Derek Meech, Justin Schultz
Penalty Shots
Kyle Clifford, Mark Scheifele, Brandon Sutter, Sergei Shirokov, Nick Bjugstad
Scratches
Alex Killorn (Healthy), Cody Goloubef (Broken Left Index Finger Injury), Erik Christensen (Healthy), James Neal (Healthy), Roman Josi (Healthy)
Capitals
5 vs 5 Forward
Center Left Wing Right Wing Time % Phy DF OF
1 Jason Spezza Blake Pietila Alexander Radulov 35 0 1 4
2 Cody Hodgson Mike Cammalleri Steve Bernier 25 0 2 3
3 Sean Monahan Brad Richardson Mark Stone 20 0 2 3
4 William Karlsson Jujhar Khaira Rick Nash 20 0 3 2
5 vs 5 Defense
Defense Defense Time % Phy DF OF
1 Victor Hedman PK Subban 35 0 3 2
2 Alexei Marchenko Nikita Zaitsev 35 0 4 1
3 Trevor Daley Cameron Gaunce 25 0 4 1
4 Victor Hedman PK Subban 5 0 3 2
PowerPlay Forward
Center Left Wing Right Wing Time % Phy DF OF
1 Jason Spezza Mike Cammalleri Alexander Radulov 60 0 1 4
2 Cody Hodgson Blake Pietila Steve Bernier 40 0 1 4
PowerPlay Defense
Defense Defense Time % Phy DF OF
1 PK Subban Victor Hedman 60 0 2 3
2 Cameron Gaunce Nikita Zaitsev 40 0 2 3
Penalty Kill 4 Players Forward
Center Wing Time % Phy DF OF
1 Jason Spezza Mike Cammalleri 60 0 4 1
2 Sean Monahan Blake Pietila 40 0 4 1
Penalty Kill 4 Players Defense
Defense Defense Time % Phy DF OF
1 PK Subban Alexei Marchenko 60 0 4 1
2 Victor Hedman Nikita Zaitsev 40 0 4 1
Penalty Kill - 3 Players Forward
Forward Time % Phy DF OF
1 Jason Spezza 60 0 5 0
2 Sean Monahan 40 0 5 0
Penalty Kill - 3 Players Defense
Defense Defense Time % Phy DF OF
1 PK Subban Alexei Marchenko 60 0 5 0
2 Victor Hedman Nikita Zaitsev 40 0 5 0
4 vs 4 Forward
Center Wing Time % Phy DF OF
1 Jason Spezza Mike Cammalleri 60 0 2 3
2 Cody Hodgson Alexander Radulov 40 0 2 3
4 vs 4 Defense
Defense Defense Time % Phy DF OF
1 PK Subban Victor Hedman 60 0 2 3
2 Cameron Gaunce Alexei Marchenko 40 0 2 3
Last Minutes Offensive
Center Left Wing Right Wing Defense Defense
Jason Spezza Mike Cammalleri Alexander Radulov PK Subban Victor Hedman
Last Minutes Defensive
Center Left Wing Right Wing Defense Defense
Jason Spezza Mike Cammalleri Rick Nash PK Subban Victor Hedman
Goaltenders
Starting : Cory Schneider
Backup : Chet Pickard
Extra Forwards
Normal : Jason Spezza, Cody Hodgson, Alexander Radulov - PP : Jason Spezza, Cody Hodgson - PK : Jason Spezza
Extra Defensemen
Normal : PK Subban, Victor Hedman, Alexei Marchenko - PP : PK Subban - PK : Victor Hedman, PK Subban
Penalty Shots
Jason Spezza, Cody Hodgson, Mike Cammalleri, Alexander Radulov, Victor Hedman
Scratches
Antoine Vermette (Healthy), Jared Spurgeon (Healthy), Kevin Connauton (Healthy), Martins Karsums (Healthy), Patrick Sharp (Healthy)
% Time on Ice - Lightning
Lines # - Real PCT - Wanted PCT - Time Play
Normal Forward
1 - 37% - 40% - 17:53
2 - 30% - 30% - 14:34
3 - 18% - 20% - 8:30
4 - 15% - 10% - 7:08
Normal Defense
1 - 39% - 40% - 18:45
2 - 34% - 30% - 16:12
3 - 23% - 20% - 10:54
4 - 5% - 10% - 2:14
PP Forward
1 - 53% - 60% - 3:10
2 - 47% - 40% - 2:47
PP Defense
1 - 59% - 60% - 3:32
2 - 41% - 40% - 2:25
PK Forward
1 - 73% - 60% - 4:23
2 - 27% - 40% - 1:35
PK Defense
1 - 57% - 60% - 3:24
2 - 43% - 40% - 2:34
PK3 Forward
1 - 0% - 60%
2 - 0% - 40%
PK3 Defense
1 - 0% - 60%
2 - 0% - 40%
44 Forward
1 - 0% - 60%
2 - 0% - 40%
44 Defense
1 - 0% - 60%
2 - 0% - 40%
Last Minute Offensive - 0:00
Last Minute Defensive - 0:00
Total
Forward - 60:00
Defense - 60:00
|
% Time on Ice - Capitals
Lines # - Real PCT - Wanted PCT - Time Play
Normal Forward
1 - 32% - 35% - 15:30
2 - 24% - 25% - 11:46
3 - 20% - 20% - 9:45
4 - 23% - 20% - 11:04
Normal Defense
1 - 36% - 35% - 17:20
2 - 37% - 35% - 17:52
3 - 25% - 25% - 12:09
4 - 2% - 5% - 0:44
PP Forward
1 - 50% - 60% - 2:58
2 - 50% - 40% - 3:00
PP Defense
1 - 59% - 60% - 3:33
2 - 41% - 40% - 2:25
PK Forward
1 - 68% - 60% - 4:03
2 - 32% - 40% - 1:54
PK Defense
1 - 56% - 60% - 3:21
2 - 44% - 40% - 2:36
PK3 Forward
1 - 0% - 60%
2 - 0% - 40%
PK3 Defense
1 - 0% - 60%
2 - 0% - 40%
44 Forward
1 - 0% - 60%
2 - 0% - 40%
44 Defense
1 - 0% - 60%
2 - 0% - 40%
Last Minute Offensive - 0:00
Last Minute Defensive - 0:00
Total
Forward - 60:00
Defense - 60:00
|
Play-by-Play
1st period
0:01 of 1st period - Mark Scheifele wins face-off versus Jason Spezza in neutral zone.
0:04 of 1st period - Jason Spezza is hit by Nick Bjugstad and loses puck.
0:13 of 1st period - Wrist shot by Mark Scheifele.
0:13 of 1st period - Shot Misses the Net.
0:15 of 1st period - Slapshot by Kevin Shattenkirk.
0:15 of 1st period - Stopped by Cory Schneider with a rebound.
0:17 of 1st period - Wrist shot by Kyle Clifford.
0:17 of 1st period - Stopped by Cory Schneider with a rebound.
0:37 of 1st period - Wrist shot by Steve Bernier.
0:37 of 1st period - Shot Misses the Net.
0:58 of 1st period - Wrist shot by Sean Monahan.
0:58 of 1st period - Stopped by Jimmy Howard without a rebound.
0:59 of 1st period - Oscar Sundqvist wins face-off versus William Karlsson in Lightning zone.
1:32 of 1st period - Off-side.
1:33 of 1st period - Cody Hodgson wins face-off versus Brandon Sutter in neutral zone.
2:21 of 1st period - Wrist shot by Jason Spezza.
2:21 of 1st period - Stopped by Jimmy Howard with a rebound.
2:23 of 1st period - Slapshot by Nikita Zaitsev.
2:23 of 1st period - Shot Misses the Net.
2:47 of 1st period - Snap shot by William Karlsson.
2:47 of 1st period - Deflect By Jujhar Khaira.
2:47 of 1st period - Deflect By Jesper Fast.
2:47 of 1st period - Shot Misses the Net.
2:47 of 1st period - Puck is out of play.
2:48 of 1st period - William Karlsson wins face-off versus Oscar Sundqvist in Lightning zone.
2:51 of 1st period - Snap shot by Jujhar Khaira.
2:51 of 1st period - Stopped by Jimmy Howard with a rebound.
3:13 of 1st period - Victor Hedman is hit by Nick Bjugstad and loses puck.
3:22 of 1st period - Snap shot by Mark Scheifele.
3:22 of 1st period - Stopped by Cory Schneider with a rebound.
3:58 of 1st period - Brent Seabrook is hit by Cameron Gaunce and loses puck.
4:43 of 1st period - Snap shot by Jimmy Vesey.
4:43 of 1st period - Shot Misses the Net.
5:21 of 1st period - Minor Penalty to PK Subban for Tripping.
5:22 of 1st period - Jason Spezza wins face-off versus Mark Scheifele in Capitals zone.
5:29 of 1st period - Snap shot by Jason Spezza.
5:29 of 1st period - Deflect By Mike Cammalleri.
5:29 of 1st period - Shot Blocked by Kevin Shattenkirk.
5:29 of 1st period - Puck is out of play.
5:30 of 1st period - Jason Spezza wins face-off versus Mark Scheifele in Lightning zone.
5:30 of 1st period - Jason Spezza is hit by Kevin Shattenkirk.
5:34 of 1st period - Slapshot by Jason Spezza.
5:34 of 1st period - Shot Misses the Net.
5:36 of 1st period - Wrist shot by Victor Hedman.
5:36 of 1st period - Deflect By Shayne Gostisbehere.
5:36 of 1st period - Stopped by Jimmy Howard with a rebound.
5:38 of 1st period - Slapshot by Victor Hedman.
5:38 of 1st period - Shot Misses the Net.
5:40 of 1st period - Slapshot by Victor Hedman.
5:40 of 1st period - Stopped by Jimmy Howard with a rebound.
7:21 of 1st period - Penalty to PK Subban is over, PK Subban is back on ice.
7:31 of 1st period - Wrist shot by Cody Hodgson.
7:31 of 1st period - Goal by Cody Hodgson - Lightning : 0 - Capitals : 1.
7:32 of 1st period - Brandon Sutter wins face-off versus Jason Spezza in neutral zone.
7:35 of 1st period - Slapshot by Joni Pitkanen.
7:35 of 1st period - Stopped by Cory Schneider with a rebound.
7:37 of 1st period - Slapshot by Sergei Shirokov.
7:37 of 1st period - Goal by Sergei Shirokov - Lightning : 1 - Capitals : 1.
7:38 of 1st period - Mark Scheifele wins face-off versus Jason Spezza in neutral zone.
7:47 of 1st period - Snap shot by Nick Bjugstad.
7:47 of 1st period - Shot Hit the Post.
7:49 of 1st period - Snap shot by Kyle Clifford.
7:49 of 1st period - Stopped by Cory Schneider with a rebound.
7:51 of 1st period - Snap shot by Nick Bjugstad.
7:51 of 1st period - Shot Blocked by Victor Hedman.
7:53 of 1st period - Slapshot by Kevin Shattenkirk.
7:53 of 1st period - Shot Blocked by Blake Pietila.
7:53 of 1st period - Blake Pietila from Capitals is injured at 7:53 of 1st period (Sprained Left Finger).
7:54 of 1st period - Mark Scheifele wins face-off versus Cody Hodgson in Capitals zone.
7:55 of 1st period - Slapshot by Kyle Clifford.
7:55 of 1st period - Stopped by Cory Schneider without a rebound.
7:56 of 1st period - Mark Scheifele wins face-off versus Cody Hodgson in Capitals zone.
8:22 of 1st period - Wrist shot by Alexander Radulov.
8:22 of 1st period - Stopped by Jimmy Howard with a rebound.
8:30 of 1st period - Snap shot by Jason Spezza.
8:30 of 1st period - Stopped by Jimmy Howard without a rebound.
8:31 of 1st period - Sean Monahan wins face-off versus Mark Scheifele in Lightning zone.
8:32 of 1st period - Wrist shot by Mark Stone.
8:32 of 1st period - Shot Blocked by Kyle Clifford.
8:34 of 1st period - Slapshot by Nikita Zaitsev.
8:34 of 1st period - Shot Misses the Net.
8:36 of 1st period - Slapshot by Alexei Marchenko.
8:36 of 1st period - Stopped by Jimmy Howard with a rebound.
8:38 of 1st period - Slapshot by Alexei Marchenko.
8:38 of 1st period - Deflect By Kyle Clifford.
8:38 of 1st period - Stopped by Jimmy Howard without a rebound.
8:39 of 1st period - Mark Scheifele wins face-off versus Sean Monahan in Lightning zone.
9:28 of 1st period - Slapshot by Mark Stone.
9:28 of 1st period - Stopped by Jimmy Howard with a rebound.
9:38 of 1st period - Wrist shot by Mark Stone.
9:38 of 1st period - Goal by Mark Stone - Lightning : 1 - Capitals : 2.
9:39 of 1st period - Jason Spezza wins face-off versus Brandon Sutter in neutral zone.
10:06 of 1st period - Victor Hedman is hit by Kevin Shattenkirk and loses puck.
11:11 of 1st period - Brandon Sutter is hit by Sean Monahan and loses puck.
12:18 of 1st period - Off-side.
12:19 of 1st period - Conor Sheary wins face-off versus Cody Hodgson in neutral zone.
12:48 of 1st period - Snap shot by Mark Scheifele.
12:48 of 1st period - Stopped by Cory Schneider without a rebound.
12:49 of 1st period - Jason Spezza wins face-off versus Mark Scheifele in Capitals zone.
13:02 of 1st period - Wrist shot by Kyle Clifford.
13:02 of 1st period - Shot Misses the Net.
13:26 of 1st period - Wrist shot by Jason Spezza.
13:26 of 1st period - Shot Misses the Net.
13:37 of 1st period - Minor Penalty to Victor Hedman for Interference.
13:38 of 1st period - Jason Spezza wins face-off versus Brayden Point in Capitals zone.
14:24 of 1st period - Mark Scheifele is hit by PK Subban and loses puck.
15:21 of 1st period - Joni Pitkanen is hit by Cody Hodgson and loses puck.
15:37 of 1st period - Penalty to Victor Hedman is over, Victor Hedman is back on ice.
15:51 of 1st period - Slapshot by Brandon Sutter.
15:51 of 1st period - Stopped by Cory Schneider without a rebound.
15:52 of 1st period - Brandon Sutter wins face-off versus William Karlsson in Capitals zone.
16:03 of 1st period - Brandon Sutter is hit by Rick Nash and loses puck.
16:40 of 1st period - Brent Seabrook is hit by Jason Spezza and loses puck.
17:09 of 1st period - Sean Monahan is hit by Sergei Shirokov and loses puck.
17:20 of 1st period - Snap shot by Brandon Sutter.
17:20 of 1st period - Stopped by Cory Schneider with a rebound.
17:36 of 1st period - Slapshot by Ondrej Palat.
17:36 of 1st period - Stopped by Cory Schneider with a rebound.
18:31 of 1st period - Snap shot by Cody Hodgson.
18:31 of 1st period - Stopped by Jimmy Howard without a rebound.
18:32 of 1st period - Cody Hodgson wins face-off versus Brandon Sutter in Lightning zone.
18:33 of 1st period - Snap shot by Steve Bernier.
18:33 of 1st period - Shot Misses the Net.
18:59 of 1st period - Snap shot by Brandon Sutter.
18:59 of 1st period - Shot Blocked by Nikita Zaitsev.
19:01 of 1st period - Snap shot by Sergei Shirokov.
19:01 of 1st period - Stopped by Cory Schneider without a rebound.
19:02 of 1st period - Jason Spezza wins face-off versus Mark Scheifele in Capitals zone.
19:11 of 1st period - Snap shot by Jason Spezza.
19:11 of 1st period - Stopped by Jimmy Howard with a rebound.
19:13 of 1st period - Slapshot by Victor Hedman.
19:13 of 1st period - Deflect By Alexander Radulov.
19:13 of 1st period - Shot Blocked by Joni Pitkanen.
19:13 of 1st period - Puck is out of play.
19:14 of 1st period - Mark Scheifele wins face-off versus Jason Spezza in Lightning zone.
19:14 of 1st period - Mark Scheifele is hit by Jason Spezza.
Goals for this period are 1 for Lightning vs 2 for Capitals.
Shots for this period are 12 for Lightning vs 14 for Capitals.
2nd period
0:01 of 2nd period - Cody Hodgson wins face-off versus Mark Scheifele in neutral zone.
0:22 of 2nd period - Minor Penalty to Kevin Shattenkirk for Roughing.
0:23 of 2nd period - Jason Spezza wins face-off versus Mark Scheifele in Lightning zone.
1:04 of 2nd period - Mark Scheifele is hit by Brad Richardson and loses puck.
1:15 of 2nd period - Snap shot by Brandon Sutter.
1:15 of 2nd period - Stopped by Cory Schneider with a rebound.
1:25 of 2nd period - Snap shot by Sergei Shirokov.
1:25 of 2nd period - Stopped by Cory Schneider with a rebound.
2:22 of 2nd period - Penalty to Kevin Shattenkirk is over, Kevin Shattenkirk is back on ice.
2:56 of 2nd period - Slapshot by Ondrej Palat.
2:56 of 2nd period - Shot Misses the Net.
2:58 of 2nd period - Slapshot by Joni Pitkanen.
2:58 of 2nd period - Shot Blocked by Nikita Zaitsev.
4:07 of 2nd period - Minor Penalty to Joni Pitkanen for Holding.
4:08 of 2nd period - Mark Scheifele wins face-off versus Jason Spezza in Lightning zone.
4:36 of 2nd period - Wrist shot by Cody Hodgson.
4:36 of 2nd period - Shot Hit the Post.
5:56 of 2nd period - Derek Meech is hit by Cameron Gaunce and loses puck.
6:07 of 2nd period - Penalty to Joni Pitkanen is over, Joni Pitkanen is back on ice.
6:39 of 2nd period - Victor Hedman is hit by Joni Pitkanen and loses puck.
7:24 of 2nd period - Snap shot by Jimmy Vesey.
7:24 of 2nd period - Stopped by Cory Schneider with a rebound.
7:29 of 2nd period - Minor Penalty to Jimmy Vesey for Roughing.
7:30 of 2nd period - Mark Scheifele wins face-off versus Jason Spezza in Lightning zone.
7:37 of 2nd period - Icing by PK Subban.
7:38 of 2nd period - Jason Spezza wins face-off versus Mark Scheifele in Capitals zone.
7:42 of 2nd period - Off-side.
7:43 of 2nd period - Jason Spezza wins face-off versus Mark Scheifele in neutral zone.
9:29 of 2nd period - Penalty to Jimmy Vesey is over, Jimmy Vesey is back on ice.
9:46 of 2nd period - Slapshot by Justin Schultz.
9:46 of 2nd period - Shot Misses the Net.
9:48 of 2nd period - Wrist shot by Oscar Sundqvist.
9:48 of 2nd period - Shot Misses the Net.
9:50 of 2nd period - Slapshot by Joni Pitkanen.
9:50 of 2nd period - Stopped by Cory Schneider with a rebound.
9:52 of 2nd period - Wrist shot by Jesper Fast.
9:52 of 2nd period - Shot Blocked by William Karlsson.
9:54 of 2nd period - Slapshot by Derek Meech.
9:54 of 2nd period - Shot Blocked by Victor Hedman.
9:56 of 2nd period - Snap shot by Oscar Sundqvist.
9:56 of 2nd period - Shot Misses the Net.
10:23 of 2nd period - Alexei Marchenko is hit by Shayne Gostisbehere and loses puck.
10:42 of 2nd period - Cody Hodgson is hit by Ondrej Palat and loses puck.
12:23 of 2nd period - Icing by Steve Bernier.
12:24 of 2nd period - Brandon Sutter wins face-off versus Cody Hodgson in Capitals zone.
12:31 of 2nd period - Wrist shot by Conor Sheary.
12:31 of 2nd period - Shot Blocked by Cameron Gaunce.
12:33 of 2nd period - Snap shot by Brandon Sutter.
12:33 of 2nd period - Stopped by Cory Schneider with a rebound.
12:58 of 2nd period - Brent Seabrook is hit by Jason Spezza and loses puck.
13:33 of 2nd period - Sergei Shirokov is hit by Brad Richardson and loses puck.
13:54 of 2nd period - Slapshot by Shayne Gostisbehere.
13:54 of 2nd period - Deflect By Steve Bernier.
13:54 of 2nd period - Stopped by Cory Schneider without a rebound.
13:55 of 2nd period - Mark Scheifele wins face-off versus Cody Hodgson in Capitals zone.
14:00 of 2nd period - Wrist shot by Mark Scheifele.
14:00 of 2nd period - Shot Misses the Net.
14:02 of 2nd period - Slapshot by Brent Seabrook.
14:02 of 2nd period - Deflect By Kyle Clifford.
14:02 of 2nd period - Shot Blocked by Cody Hodgson.
14:02 of 2nd period - Puck is out of play.
14:03 of 2nd period - Mark Scheifele wins face-off versus Cody Hodgson in Capitals zone.
14:06 of 2nd period - Slapshot by Nick Bjugstad.
14:06 of 2nd period - Shot Blocked by Trevor Daley.
14:08 of 2nd period - Snap shot by Mark Scheifele.
14:08 of 2nd period - Goal by Mark Scheifele - Lightning : 2 - Capitals : 2.
14:09 of 2nd period - Jason Spezza wins face-off versus Mark Scheifele in neutral zone.
14:36 of 2nd period - Victor Hedman is hit by Sergei Shirokov and loses puck.
15:21 of 2nd period - Snap shot by Steve Bernier.
15:21 of 2nd period - Shot Misses the Net.
15:23 of 2nd period - Wrist shot by Mike Cammalleri.
15:23 of 2nd period - Shot Blocked by Joni Pitkanen.
15:25 of 2nd period - Snap shot by Trevor Daley.
15:25 of 2nd period - Stopped by Jimmy Howard without a rebound.
15:26 of 2nd period - Mark Scheifele wins face-off versus Jason Spezza in Lightning zone.
15:51 of 2nd period - Trevor Daley is hit by Conor Sheary.
16:17 of 2nd period - Wrist shot by Jujhar Khaira.
16:17 of 2nd period - Stopped by Jimmy Howard without a rebound.
16:18 of 2nd period - Brayden Point wins face-off versus William Karlsson in Lightning zone.
16:25 of 2nd period - Slapshot by Shayne Gostisbehere.
16:25 of 2nd period - Deflect By Nikolaj Ehlers.
16:25 of 2nd period - Shot Blocked by Victor Hedman.
16:25 of 2nd period - Puck is out of play.
16:26 of 2nd period - Jason Spezza wins face-off versus Mark Scheifele in Capitals zone.
16:32 of 2nd period - Icing by Victor Hedman.
16:33 of 2nd period - Jason Spezza wins face-off versus Mark Scheifele in Capitals zone.
16:40 of 2nd period - Wrist shot by Alexander Radulov.
16:40 of 2nd period - Shot Misses the Net.
16:42 of 2nd period - Slapshot by Jason Spezza.
16:42 of 2nd period - Shot Blocked by Mark Scheifele.
16:44 of 2nd period - Snap shot by Alexander Radulov.
16:44 of 2nd period - Shot Hit the Post.
17:00 of 2nd period - Snap shot by Jason Spezza.
17:00 of 2nd period - Stopped by Jimmy Howard with a rebound.
17:02 of 2nd period - Slapshot by PK Subban.
17:02 of 2nd period - Shot Misses the Net.
17:04 of 2nd period - Snap shot by Victor Hedman.
17:04 of 2nd period - Stopped by Jimmy Howard without a rebound.
17:05 of 2nd period - Sean Monahan wins face-off versus Brandon Sutter in Lightning zone.
17:15 of 2nd period - Minor Penalty to Brandon Sutter for Interference.
17:16 of 2nd period - Jason Spezza wins face-off versus Mark Scheifele in Lightning zone.
17:16 of 2nd period - Slapshot by Alexander Radulov.
17:16 of 2nd period - Deflect By Kyle Clifford.
17:16 of 2nd period - Goal by Alexander Radulov - Lightning : 2 - Capitals : 3.
17:17 of 2nd period - Jason Spezza wins face-off versus Mark Scheifele in neutral zone.
17:26 of 2nd period - Wrist shot by Jason Spezza.
17:26 of 2nd period - Stopped by Jimmy Howard without a rebound.
17:27 of 2nd period - Jason Spezza wins face-off versus Mark Scheifele in Lightning zone.
17:28 of 2nd period - Slapshot by Alexander Radulov.
17:28 of 2nd period - Stopped by Jimmy Howard without a rebound.
17:29 of 2nd period - Cody Hodgson wins face-off versus Nick Bjugstad in Lightning zone.
17:30 of 2nd period - Wrist shot by Steve Bernier.
17:30 of 2nd period - Shot Blocked by Kyle Clifford.
18:10 of 2nd period - Icing by Shayne Gostisbehere.
18:11 of 2nd period - Brandon Sutter wins face-off versus Jason Spezza in Lightning zone.
19:06 of 2nd period - Wrist shot by Conor Sheary.
19:06 of 2nd period - Shot Misses the Net.
19:08 of 2nd period - Slapshot by Kevin Shattenkirk.
19:08 of 2nd period - Shot Misses the Net.
19:10 of 2nd period - Slapshot by Shayne Gostisbehere.
19:10 of 2nd period - Stopped by Cory Schneider with a rebound.
19:12 of 2nd period - Slapshot by Sergei Shirokov.
19:12 of 2nd period - Stopped by Cory Schneider with a rebound.
19:24 of 2nd period - Slapshot by Kevin Shattenkirk.
19:24 of 2nd period - Goal by Kevin Shattenkirk - Lightning : 3 - Capitals : 3.
19:25 of 2nd period - Jason Spezza wins face-off versus Mark Scheifele in neutral zone.
19:38 of 2nd period - Wrist shot by Alexander Radulov.
19:38 of 2nd period - Stopped by Jimmy Howard with a rebound.
19:40 of 2nd period - Snap shot by Jason Spezza.
19:40 of 2nd period - Goal by Jason Spezza - Lightning : 3 - Capitals : 4.
19:41 of 2nd period - Mark Scheifele wins face-off versus Mike Cammalleri in neutral zone.
Goals for this period are 2 for Lightning vs 2 for Capitals.
Shots for this period are 10 for Lightning vs 9 for Capitals.
3rd period
0:01 of 3rd period - Nick Bjugstad wins face-off versus Jason Spezza in neutral zone.
1:49 of 3rd period - Sergei Shirokov is hit by Jujhar Khaira and loses puck.
2:20 of 3rd period - Snap shot by Brandon Sutter.
2:20 of 3rd period - Shot Hit the Post.
2:30 of 3rd period - Snap shot by Brandon Sutter.
2:30 of 3rd period - Stopped by Cory Schneider without a rebound.
2:31 of 3rd period - Jason Spezza wins face-off versus Kyle Clifford in Capitals zone.
2:40 of 3rd period - Snap shot by Kyle Clifford.
2:40 of 3rd period - Shot Blocked by Jason Spezza.
2:42 of 3rd period - Slapshot by Kevin Shattenkirk.
2:42 of 3rd period - Shot Misses the Net.
3:08 of 3rd period - Backhand shot by Shayne Gostisbehere.
3:08 of 3rd period - Deflect By Alexander Radulov.
3:08 of 3rd period - Stopped by Cory Schneider with a rebound.
3:10 of 3rd period - Wrist shot by Oscar Sundqvist.
3:10 of 3rd period - Goal by Oscar Sundqvist - Lightning : 4 - Capitals : 4.
3:11 of 3rd period - Mark Scheifele wins face-off versus Sean Monahan in neutral zone.
3:24 of 3rd period - Nick Bjugstad is hit by Trevor Daley and loses puck.
3:37 of 3rd period - Cody Hodgson is hit by Shayne Gostisbehere and loses puck.
4:08 of 3rd period - Snap shot by Joni Pitkanen.
4:08 of 3rd period - Shot Blocked by Mark Stone.
5:03 of 3rd period - Icing by Brayden Point.
5:04 of 3rd period - Sean Monahan wins face-off versus Ondrej Palat in Lightning zone.
5:31 of 3rd period - Icing by Shayne Gostisbehere.
5:32 of 3rd period - Nick Bjugstad wins face-off versus Jason Spezza in Lightning zone.
5:37 of 3rd period - Jason Spezza is hit by Nick Bjugstad and loses puck.
6:00 of 3rd period - Snap shot by Nick Bjugstad.
6:00 of 3rd period - Goal by Nick Bjugstad - Lightning : 5 - Capitals : 4.
6:01 of 3rd period - Jason Spezza wins face-off versus Mark Scheifele in neutral zone.
7:55 of 3rd period - Snap shot by Sergei Shirokov.
7:55 of 3rd period - Shot Misses the Net.
7:57 of 3rd period - Slapshot by Joni Pitkanen.
7:57 of 3rd period - Stopped by Cory Schneider with a rebound.
7:59 of 3rd period - Backhand shot by Derek Meech.
7:59 of 3rd period - Shot Blocked by Cameron Gaunce.
9:10 of 3rd period - Wrist shot by Brandon Sutter.
9:10 of 3rd period - Shot Blocked by Cody Hodgson.
9:12 of 3rd period - Slapshot by Brent Seabrook.
9:12 of 3rd period - Shot Misses the Net.
9:14 of 3rd period - Snap shot by Justin Schultz.
9:14 of 3rd period - Stopped by Cory Schneider without a rebound.
9:15 of 3rd period - Jason Spezza wins face-off versus Mark Scheifele in Capitals zone.
9:26 of 3rd period - Snap shot by Kyle Clifford.
9:26 of 3rd period - Deflect By Mark Scheifele.
9:26 of 3rd period - Stopped by Cory Schneider with a rebound.
10:02 of 3rd period - Snap shot by Jesper Fast.
10:02 of 3rd period - Shot Misses the Net.
10:16 of 3rd period - Snap shot by Brad Richardson.
10:16 of 3rd period - Stopped by Jimmy Howard without a rebound.
10:17 of 3rd period - Cody Hodgson wins face-off versus Mark Scheifele in Lightning zone.
10:20 of 3rd period - Slapshot by Steve Bernier.
10:20 of 3rd period - Shot Misses the Net.
10:22 of 3rd period - Slapshot by PK Subban.
10:22 of 3rd period - Shot Blocked by Nick Bjugstad.
10:24 of 3rd period - Slapshot by Cody Hodgson.
10:24 of 3rd period - Stopped by Jimmy Howard without a rebound.
10:25 of 3rd period - Mark Scheifele wins face-off versus Cody Hodgson in Lightning zone.
10:56 of 3rd period - Snap shot by Kyle Clifford.
10:56 of 3rd period - Deflect By Mark Scheifele.
10:56 of 3rd period - Shot Misses the Net.
10:56 of 3rd period - Puck is out of play.
10:57 of 3rd period - Brad Richardson wins face-off versus Brandon Sutter in Capitals zone.
11:26 of 3rd period - Brayden Point is hit by Cameron Gaunce and loses puck.
11:57 of 3rd period - Slapshot by Mark Scheifele.
11:57 of 3rd period - Stopped by Cory Schneider without a rebound.
11:58 of 3rd period - Mark Scheifele wins face-off versus Jason Spezza in Capitals zone.
12:01 of 3rd period - Slapshot by Nick Bjugstad.
12:01 of 3rd period - Goal by Nick Bjugstad - Lightning : 6 - Capitals : 4.
12:02 of 3rd period - Cody Hodgson wins face-off versus Mark Scheifele in neutral zone.
12:34 of 3rd period - Icing by Jason Spezza.
12:35 of 3rd period - Brandon Sutter wins face-off versus Jason Spezza in Capitals zone.
12:38 of 3rd period - Wrist shot by Sergei Shirokov.
12:38 of 3rd period - Stopped by Cory Schneider without a rebound.
12:39 of 3rd period - Brandon Sutter wins face-off versus Cody Hodgson in Capitals zone.
12:48 of 3rd period - Cody Hodgson is hit by Brandon Sutter and loses puck.
13:13 of 3rd period - Off-side.
13:14 of 3rd period - Kyle Clifford wins face-off versus Cody Hodgson in neutral zone.
13:49 of 3rd period - Snap shot by Brent Seabrook.
13:49 of 3rd period - Shot Misses the Net.
13:51 of 3rd period - Slapshot by Brent Seabrook.
13:51 of 3rd period - Shot Blocked by Trevor Daley.
13:53 of 3rd period - Slapshot by Brent Seabrook.
13:53 of 3rd period - Stopped by Cory Schneider without a rebound.
13:53 of 3rd period - Minor Penalty to Cory Schneider for Slashing.
13:54 of 3rd period - Jason Spezza wins face-off versus Mark Scheifele in Capitals zone.
15:52 of 3rd period - Shayne Gostisbehere is hit by Victor Hedman and loses puck.
15:53 of 3rd period - Penalty to Brad Richardson is over, Brad Richardson is back on ice.
16:11 of 3rd period - Snap shot by Alexander Radulov.
16:11 of 3rd period - Stopped by Jimmy Howard without a rebound.
16:12 of 3rd period - Cody Hodgson wins face-off versus Brandon Sutter in Lightning zone.
16:38 of 3rd period - Jason Spezza is hit by Jesper Fast.
17:38 of 3rd period - Wrist shot by Brad Richardson.
17:38 of 3rd period - Shot Blocked by Mark Scheifele.
19:20 of 3rd period - Joni Pitkanen is hit by Alexander Radulov and loses puck.
19:57 of 3rd period - Joni Pitkanen is hit by Brad Richardson and loses puck.
Goals for this period are 3 for Lightning vs 0 for Capitals.
Shots for this period are 11 for Lightning vs 3 for Capitals.